 Dungeon Crawl Stone Soup version 0.25-a0-663-gace7076f2c (webtiles) character file.

Game seed: 7423098084461827622, levelgen mode: deterministic

666 erloom the Grappler (level 7, -6/58 HPs)
             Began as a Ghoul Monk on Mar 25, 2020.
             Was a Believer of Makhleb.
             Mangled by a gnoll
             ... wielding a +0 halberd
              (12 damage)
             ... on level 5 of the Dungeon.
             The game lasted 00:14:18 (3679 turns).

erloom the Grappler (Ghoul Monk)                    Turns: 3679, Time: 00:14:18

Health: -6/58      AC:  7    Str: 15    XL:     7   Next: 57%
Magic:  6/6        EV: 10    Int:  7    God:    Makhleb [**....]
Gold:   56         SH:  0    Dex: 11    Spells: 6/6 levels left

rFire    . . .     SeeInvis .     - Unarmed
rCold    + . .     Gourm    .   (no shield)
rNeg     + + +     Faith    .   l - +1 scale mail
rPois    ∞         Spirit   .   (no helmet)
rElec    .         Reflect  .   (no cloak)
rCorr    .         Harm     .   (no gloves)
MR       .....                  (no boots)
Stlth    ..........             (no amulet)
HPRegen  0.00/turn              (no ring)
MPRegen  0.10/turn              (no ring)

@: rotting
A: rotting body, claws 1, carnivore, cold resistance 1, negative energy
resistance 3, inhibited regeneration, torment resistance, unbreathing
a: Minor Destruction, Renounce Religion


You were on level 5 of the Dungeon.
You worshipped Makhleb.
Makhleb was pleased with you.
You were not hungry.

You visited 2 branches of the dungeon, and saw 6 of its levels.

You collected 284 gold pieces.
You spent 228 gold pieces at shops.

Inventory:

Missiles
 f - 52 sling bullets
 k - 189 stones
 s - 3 boomerangs (quivered)
Armour
 a - a +0 robe
 e - a +0 ring mail
 l - a +1 scale mail (worn)
Wands
 o - a wand of iceblast (13)
Scrolls
 d - 5 scrolls of identify
 i - 4 scrolls of enchant armour
 j - 4 scrolls of teleportation
 q - 2 scrolls of fear {unknown}
 r - a scroll of enchant weapon
 t - a scroll of blinking
 u - 3 scrolls of magic mapping
Potions
 c - 2 potions of flight
 g - a potion of might
 h - 2 potions of brilliance {unknown}
 m - a potion of stabbing {unknown}
 n - a potion of mutation {unknown}
 p - a potion of heal wounds {unknown}
 v - 2 potions of cancellation {unknown}
Comestibles
 b - 12 rations


   Skills:
 - Level 3.6 Fighting
 - Level 3.0 Dodging
 - Level 2.2 Stealth
 + Level 9.1 Unarmed Combat


You had 6 spell levels left.
You didn't know any spells.
Your spell library was empty.

Dungeon Overview and Level Annotations

Branches:
Dungeon (5/15)             Temple (1/1) D:5

Altars:
Ashenzari
Fedhas
Hepliaklqana
Makhleb
Ru
Trog
Uskayaw
The Shining One

Shops:
D:4 ?[


Innate Abilities, Weirdness & Mutations

Your body is rotting away.
You thrive on raw meat.
You are immune to poison.
You have sharp fingernails.
You are carnivorous and can eat meat at any time.
Your flesh is cold resistant. (rC+)
You are immune to negative energy. (rN+++)
You do not regenerate when monsters are visible.
You are immune to unholy pain and torment.
You can survive without breathing.


Message History

You are too injured to fight recklessly!
You are too injured to fight recklessly!
You are too injured to fight recklessly!
You scratch the gnoll.
The gnoll is heavily wounded.
The gnoll barely misses you. The gnoll hits you but does no damage.
Your scale mail prevents you from hitting the gnoll.
The gnoll is heavily wounded.
The gnoll hits you with a +0 halberd!
* * * LOW HITPOINT WARNING * * *
You scratch the gnoll.
The gnoll is almost dead.
The gnoll closely misses you.
You closely miss the gnoll.
The gnoll is almost dead.
The gnoll closely misses you.
The gnoll hits you from afar with a +0 spear!
* * * LOW HITPOINT WARNING * * *
The gnoll hits you from afar with a +0 halberd!
You die...

########### ###
.......gg.##########
#..
##.###.#..........#
#.# #g#.@#######.# #.#
. #(#..# #># #.#
#...#####g#..##### #.#
###.#
#....g.%..#....>.###.#
#...#
...#########.........#
#.### #####.##### #.#
##+# #.# #.# ##...##
#.# #.# ##.<...## ###
#.# #.##


You could see 2 gnolls.

Vanquished Creatures
  An ice beast (D:3)
  A phantom (D:4)
  An ogre (D:5)
  A howler monkey (D:4)
  3 hounds
  An orc priest (D:3)
  A gnoll shaman (D:5)
  An orc wizard (D:4)
  A worker ant (D:5)
  A worker ant zombie (D:5)
  A gnoll (D:5)
  5 adders
  An ooze (D:2)
  2 worms
  3 dart slugs (D:2)
  3 leopard geckos
  5 orcs
  6 giant cockroaches
  6 goblins
  8 hobgoblins
  7 jackals (D:4)
  14 kobolds
  A quokka (D:2)
  8 bats
  7 frilled lizards
  7 rats
96 creatures vanquished.

Notes
Turn   | Place    | Note
-------+----------+-------------------------------------------
     0 | D:1      | erloom the Ghoul Monk began the quest for the Orb.
     0 | D:1      | Reached XP level 1. HP: 19/19 MP: 0/0
    47 | D:1      | Reached XP level 2. HP: 8/26 MP: 1/1
   498 | D:1      | Reached XP level 3. HP: 28/33 MP: 2/2
   802 | D:2      | Reached skill level 4 in Unarmed Combat
  1205 | D:2      | Found a bloodstained altar of Trog.
  1289 | D:2      | Reached XP level 4. HP: 39/40 MP: 3/3
  1432 | D:2      | Reached skill level 5 in Unarmed Combat
  1755 | D:3      | Noticed an ice beast
  1933 | D:3      | Reached XP level 5. HP: 41/46 MP: 4/4
  2028 | D:3      | Reached skill level 6 in Unarmed Combat
  2180 | D:3      | Found a hide-covered altar of Uskayaw.
  2300 | D:3      | Killed an ice beast
  2300 | D:3      | Reached XP level 6. HP: 35/52 MP: 5/5
  2561 | D:4      | Found a sacrificial altar of Ru.
  2597 | D:4      | Found a glowing golden altar of the Shining One.
  2598 | D:4      | Found a blossoming altar of Fedhas.
  2693 | D:4      | Found Jimul's Armour Shop.
  2762 | D:4      | Reached skill level 7 in Unarmed Combat
  2782 | D:4      | Noticed a phantom
  2827 | D:4      | Killed a phantom
  2958 | D:4      | Found Plog's Magic Scroll Shop.
  3005 | D:4      | Reached skill level 8 in Unarmed Combat
  3005 | D:4      | Reached XP level 7. HP: 50/58 MP: 6/6
  3009 | D:4      | Bought a scroll of identify for 24 gold pieces
  3009 | D:4      | Bought a scroll of teleportation for 36 gold pieces
  3009 | D:4      | Bought a scroll of blinking for 90 gold pieces
  3009 | D:4      | Bought a scroll of teleportation for 36 gold pieces
  3009 | D:4      | Bought a scroll of magic mapping for 42 gold pieces
  3202 | D:5      | Entered Level 5 of the Dungeon
  3292 | D:5      | Found a staircase to the Ecumenical Temple.
  3306 | Temple   | Entered the Ecumenical Temple
  3367 | Temple   | Became a worshipper of Makhleb the Destroyer
  3367 | Temple   | Reached * piety under Makhleb
  3367 | Temple   | Reached ** piety under Makhleb
  3633 | D:5      | Reached skill level 9 in Unarmed Combat
  3679 | D:5      | Mangled by a gnoll

Levels and vault maps discovered:
D:1:      scummos_arrival_checkerplants, layout_rooms
D:2:      minmay_diamond_boxcup, layout_basic, lemuel_crystal_altar,
          first_ration
D:3:      layout_basic, marbit_many_paths
D:4:      layout_loops_ring, kennysheep_mini_moat, minitemple, serial_shops,
          nicolae_shop_window_shopping, kennysheep_windowed_goal
D:5:      layout_loops_corners, minmay_temple_entry_arrows, feat_on_display
Temple:   minmay_temple_curvy_loop

Skill      XL: |  1  2  3  4  5  6  7 |
---------------+----------------------+-----
Dodging        | 3 |  3.0
Unarmed Combat | 4 5 6 8 9 |  9.1
Fighting       | |  3.6
Stealth        | |  2.2

Action                   |  1- 3 |  4- 6 |  7- 9 || total
-------------------------+-------+-------+-------++-------
Melee: Unarmed           |   144 |   182 |    50 ||   376
       Punch             |       |     2 |     1 ||     3
Throw: Stone             |     7 |     1 |       ||     8
       Boomerang         |       |     8 |     1 ||     9
  Use: Scroll            |       |     7 |       ||     7
       Potion            |       |     1 |       ||     1
  Eat: Chunk             |    11 |    14 |     7 ||    32
Armor: Robe              |    13 |       |       ||    13
       Ring mail         |    26 |       |       ||    26
       Scale mail        |    17 |    61 |    14 ||    92
Dodge: Dodged            |   101 |    67 |    26 ||   194

Table legend:
 A = Non-vault XP
 B = Vault XP
 C = Vault XP percentage of total XP
 D = Non-vault monster count
 E = Vault monster count
 F = Vault count percentage of total count
                 A         B        C        D         E       F
            +---------+---------+-------+---------+---------+-------
      Total |     880 |      72 |   7.6 |      87 |       9 |   9.4
            +---------+---------+-------+---------+---------+-------
        D:1 |      36 |       0 |   0.0 |      22 |       0 |   0.0
        D:2 |      58 |      16 |  21.6 |      16 |       7 |  30.4
        D:3 |     244 |       1 |   0.4 |      27 |       1 |   3.6
        D:4 |     263 |      55 |  17.3 |      12 |       1 |   7.7
        D:5 |     279 |       0 |   0.0 |      10 |       0 |   0.0
            +---------+---------+-------+---------+---------+-------
